 Dungeon Crawl Stone Soup version 0.20.0-4-g10b340a (webtiles) character file.

1072 Cryne the Cudgeler (level 8, -4/48 HPs)
             Began as a Gargoyle Fighter on May 28, 2017.
             Slain by Menkaure (15 damage)
             ... on level 5 of the Dungeon.
             The game lasted 00:22:18 (4382 turns).

Cryne the Cudgeler (Gargoyle Fighter)               Turns: 4382, Time: 00:22:19

Health: -4/48      AC: 18    Str: 21    XL:     8   Next: 28%
Magic:  8/8        EV:  6    Int:  9    God:
Gold:   297        SH: 10    Dex: 10    Spells: 7/7 levels left

rFire    . . .     SeeInvis .   v - +0 morningstar
rCold    . . .     Gourm    .   c - +0 shield
rNeg     + . .     Faith    .   k - +0 chain mail
rPois    ∞         Spirit   .   (no helmet)
rElec    +         Reflect  .   s - +1 cloak
rCorr    .         Harm     .   b - +0 pair of gloves
MR       .....                  (no boots)
Stlth    ..........             (no amulet)
Regen    0.2/turn               (no ring)
MPRegen  0.2/turn               (no ring)

@: no status effects
A: negative energy resistance 1, electricity resistance, unbreathing,
petrification resistance, rot immunity, AC +5
a: no special abilities


You were on level 5 of the Dungeon.
You were very hungry.

You visited 1 branch of the dungeon, and saw 5 of its levels.

You collected 297 gold pieces.

Inventory:

Hand Weapons
 v - a +0 morningstar (weapon)
Armour
 b - a +0 pair of gloves (worn)
 c - a +0 shield (worn)
 k - a +0 chain mail (worn)
 s - a +1 cloak (worn)
Jewellery
 w - an uncursed amulet of faith {unknown}
 z - an uncursed amulet of faith {unknown}
Wands
 A - a wand of paralysis (9/24)
Scrolls
 a - a scroll of fog {unknown}
 e - 2 scrolls of blinking {unknown}
 l - 2 scrolls of remove curse {unknown}
 p - a scroll of noise {unknown}
 r - a scroll of teleportation {unknown}
 t - 2 scrolls of recharging {unknown}
 x - 3 scrolls of identify {unknown}
 y - a scroll of magic mapping {unknown}
Potions
 d - 4 potions of might
 g - 5 potions of curing {unknown}
 h - a potion of degeneration {unknown}
 i - a potion of flight {unknown}
 j - 3 potions of heal wounds {unknown}
 m - a potion of brilliance {unknown}
 n - 3 potions of haste {unknown}
 q - a potion of magic {unknown}
 B - a potion of invisibility {unknown}
Comestibles
 f - 3 bread rations
 o - a meat ration
 u - 2 royal jellies


   Skills:
 + Level 4.8 Fighting
 + Level 6.5 Maces & Flails
 + Level 5.4 Armour
 + Level 1.0 Dodging
 + Level 6.0 Shields


You had 7 spell levels left.
You didn't know any spells.

Dungeon Overview and Level Annotations

Branches:
Dungeon (5/15)
 Temple: D:4-7

Altars:
Hepliaklqana
Trog

Annotations:
D:5 Menkaure


Innate Abilities, Weirdness & Mutations

You are resistant to torment.
Your stone body is resilient. (AC +5)
You are immune to poison.
You resist negative energy. (rN+)
You are resistant to electric shocks. (rElec)
You can survive without breathing.
You are immune to petrification.
You are immune to rotting.


Message History

Menkaure gestures at you while chanting.
Pain shoots through your body!
You puncture Menkaure!
Menkaure is heavily damaged.
You block Menkaure's attack.
You hit Menkaure.
Menkaure is heavily damaged.
You block Menkaure's attack. Menkaure hits you but does no damage.
You hit Menkaure.
Menkaure is severely damaged.
Menkaure calls on the powers of darkness!
The worker ant convulses!
Your body is wracked with pain!
You barely miss Menkaure.
Menkaure is severely damaged.
Menkaure closely misses you. Menkaure hits you!
* * * LOW HITPOINT WARNING * * *
You hit Menkaure.
Menkaure is severely damaged.
Menkaure hits you!
You die...

#.####### #.....@.#
#######M# ##a##
###########...##
#..
.........#.....#.
...
....####...(......M
#.# #
#..............<.
#.#
######..........[.
#.# #.#[....#...#


You could see Menkaure and a worker ant.

Vanquished Creatures
  A hippogriff (D:5)
  A sky beast (D:4)
  2 phantoms
  3 ogres
  A scorpion (D:5)
  A bullfrog zombie (D:5)
  2 hounds (D:4)
  A jelly (D:5)
  Terence (D:3)
  2 worker ants (D:4)
  4 adders
  An ooze (D:1)
  4 worms
  A dart slug (D:1)
  A leopard gecko (D:2)
  4 giant cockroaches
  7 goblins
  7 hobgoblins
  10 jackals
  2 quokkas
  4 ball pythons
  7 bats
  4 frilled lizards
  4 kobolds (D:3)
  A quokka skeleton (D:5)
  6 rats
82 creatures vanquished.

Notes
Turn   | Place    | Note
-------+----------+-------------------------------------------
     0 | D:1      | Cryne the Gargoyle Fighter began the quest for the Orb.
     0 | D:1      | Reached XP level 1. HP: 14/14 MP: 1/1
    98 | D:1      | Reached XP level 2. HP: 19/19 MP: 2/2
   448 | D:1      | Reached XP level 3. HP: 23/23 MP: 3/3
  1263 | D:2      | Reached XP level 4. HP: 26/29 MP: 4/4
  2247 | D:3      | Noticed a moth of wrath
  2251 | D:3      | Found a bloodstained altar of Trog.
  2476 | D:3      | Noticed Terence
  2499 | D:3      | Killed Terence
  2796 | D:4      | Noticed an ogre
  2804 | D:4      | Killed an ogre
  2804 | D:4      | Reached XP level 5. HP: 5/33 MP: 5/5
  2936 | D:4      | Noticed a phantom
  3000 | D:4      | Killed a phantom
  3000 | D:4      | Reached XP level 6. HP: 23/38 MP: 6/6
  3178 | D:4      | Noticed a sky beast
  3208 | D:4      | Killed a sky beast
  3208 | D:4      | Reached skill level 5 in Shields
  3391 | D:4      | Reached XP level 7. HP: 43/43 MP: 7/7
  3491 | D:4      | Reached skill level 5 in Maces & Flails
  3939 | D:5      | Entered Level 5 of the Dungeon
  3940 | D:5      | Noticed a hippogriff
  3987 | D:5      | Found a hazy altar of Hepliaklqana.
  4045 | D:5      | Killed a hippogriff
  4045 | D:5      | Reached skill level 5 in Armour
  4045 | D:5      | Reached skill level 1 in Dodging
  4049 | D:5      | Reached XP level 8. HP: 30/48 MP: 8/8
  4361 | D:5      | Noticed Menkaure
  4382 | D:5      | Slain by Menkaure

Skill      XL: |  1  2  3  4  5  6  7  8 |
---------------+-------------------------+-----
Armour         | 4 5 |  5.4
Maces & Flails | 3 4 6 |  6.5
Shields        | 4 5 6 |  6.0
Fighting       | 4 |  4.8
Dodging        | 1 |  1.0

Action                   |  1- 3 |  4- 6 |  7- 9 || total
-------------------------+-------+-------+-------++-------
Melee: Flail             |   147 |    83 |       ||   230
       Morningstar       |       |   116 |   115 ||   231
  Eat: Chunk             |       |     8 |     2 ||    10
       Fruit             |       |     1 |       ||     1
Armor: Scale mail        |    43 |       |       ||    43
       Chain mail        |    34 |   128 |    72 ||   234
Dodge: Dodged            |    33 |    28 |    30 ||    91
Block: Shield            |    72 |    96 |    51 ||   219
